 Dungeon Crawl Stone Soup version 0.28.0-45-g0d030f2227 (webtiles) character file.

Game seed: 4354922565745509541

559 protoss039 the Covered (level 7, -2/62 HPs)
             Began as a Minotaur Fighter on Apr 6, 2022.
             Succumbed to Sigmund's poison
             ... on level 4 of the Dungeon.
             The game lasted 00:06:52 (3967 turns).

protoss039 the Covered (Minotaur Fighter)           Turns: 3967, Time: 00:06:53

Health: -2/62      AC: 11    Str: 22    XL:     7   Next: 9%
Magic:  6/6        EV:  7    Int:  5    God:
Gold:   115        SH:  5    Dex: 10    Spells: 6/6 levels left

rFire   . . .      SeeInvis +   a - +0 war axe
rCold   . . .      Faith    .   c - +0 buckler
rNeg    . . .      Spirit   .   h - +0 chain mail
rPois   +          Reflect  .   (helmet restricted)
rElec   .          Harm     .   e - +0 cloak
rCorr   .          Rampage  .   (no gloves)
Will    .....                   (no boots)
Stlth   ..........              (no amulet)
HPRegen 0.20/turn               g - ring of poison resistance
MPRegen 0.10/turn               m - ring of see invisible

@: lethally poisoned (-2 -> -16)
A: horns 2, retaliatory headbutt
a: no special abilities


You were on level 4 of the Dungeon.
You visited 1 branch of the dungeon, and saw 5 of its levels.

You collected 141 gold pieces.
You spent 26 gold pieces at shops.

Inventory:

Hand Weapons
 a - a +0 war axe (weapon)
Armour
 c - a +0 buckler (worn)
 e - a +0 cloak (worn)
 h - a +0 chain mail (worn)
Magical Staves
 j - a staff of air
Jewellery
 g - a ring of poison resistance (left hand)
 m - a ring of see invisible (right hand)
Wands
 f - a wand of paralysis (4)
Scrolls
 b - a scroll of holy word {unknown}
 k - 3 scrolls of identify
Potions
 d - 2 potions of might
 i - a potion of flight


   Skills:
 + Level 5.8 Fighting
 + Level 5.0 Axes
 + Level 5.8 Armour
 + Level 5.8 Shields


You had 6 spell levels left.
You didn't know any spells.
Your spell library contained the following spells:

 Spells                   Type           Power      Damage    Failure   Level
 Corpse Rot               Necr/Air       0%         N/A       100%        2
 Ensorcelled Hibernation  Hex/Ice        0%         N/A       100%        2
 Passwall                 Tmut/Erth      0%         N/A       100%        2
 Swiftness                Air            0%         N/A       100%        3
 Animate Armour           Summ/Erth      0%         N/A       100%        4
 Dispel Undead            Necr           0%         3d6       100%        4
 Blade Hands              Tmut           0%         N/A       100%        5
 Death Channel            Necr           0%         N/A       100%        6
 Iron Shot                Conj/Erth      0%         9d1       100%        6


Dungeon Overview and Level Annotations

Branches:
Dungeon (5/15)
 Temple: D:4-7

Altars:
Ashenzari
Qazlal
Ru
Yredelemnul

Shops:
D:5 ?

Annotations:
D:4 Sigmund


Innate Abilities, Weirdness & Mutations

You have a pair of horns on your head.
You reflexively headbutt those who attack you in melee.


Message History

Sigmund hits you with a +4 scythe of venom!
You are more poisoned.
You feel very sick.
Sigmund hits you from afar with a +4 scythe of venom!
* * * LOW HITPOINT WARNING * * *
Unknown command.
You feel much better.
You feel very sick.
Sigmund hits you from afar with a +4 scythe of venom!
Unknown command.
Unknown command.
Okay, then.
You are too confused!
You feel sick.
Unknown command.
You feel sick. Sigmund hits you but does no damage.
Unknown command.
You feel sick.
Sigmund hits you with a +4 scythe of venom.
* * * LOW HITPOINT WARNING * * *
Unknown command.
You bump into the rock wall.
You feel less confused.
You feel sick.
Unknown command.
Okay, then.
You hit Sigmund.
Sigmund is almost dead.
You feel sick. Sigmund casts a spell at you. The puff of flame hits you!
* * * LOW HITPOINT WARNING * * *
Sigmund says, "Your kind have come here before.
I understand now why.
You desire death..."
Sigmund hits you with a +4 scythe of venom.
* * * LOW HITPOINT WARNING * * *
You are more poisoned.
Unknown command.
You closely miss Sigmund.
Sigmund is almost dead.
You die...

#.....#......#
#.....#......#
#....)####..##
#####.....####
#...#.....#
#...#.....#
#...#.....#
#..>'รท....#
+...#@....#
#...#@....#
#####.....#
.......#
.........#
..........#
..........#
..........#


You could see Sigmund (invisible).

Vanquished Creatures
  2 scorpions (D:5)
  2 howler monkeys
  A bullfrog zombie (D:5)
  3 orc priests
  A bullfrog skeleton (D:5)
  An orc wizard (D:3)
  A scorpion zombie (D:5)
  A hound skeleton (D:4)
  3 adders
  A howler monkey skeleton (D:4)
  An ufetubus (D:5)
  2 dart slugs
  13 orcs
  4 bats
  4 endoplasms
  3 giant cockroaches
  13 goblins
  8 hobgoblins
  6 jackals
  4 kobolds
  8 quokkas
  7 ball pythons
  6 frilled lizards
  5 rats
100 creatures vanquished.

Notes
Turn   | Place    | Note
-------+----------+-------------------------------------------
     0 | D:1      | protoss039 the Minotaur Fighter began the quest for the
                  | Orb.
     0 | D:1      | Reached XP level 1. HP: 19/19 MP: 0/0
   223 | D:1      | Reached XP level 2. HP: 27/27 MP: 1/1
   575 | D:1      | Reached XP level 3. HP: 33/33 MP: 2/2
  1744 | D:2      | Reached XP level 4. HP: 37/41 MP: 3/3
  2574 | D:3      | Reached XP level 5. HP: 16/47 MP: 4/4
  2946 | D:3      | Found a faded altar of an unknown god.
  3438 | D:4      | Noticed a phantom
  3438 | D:4      | You fall into a shaft and drop 1 floor!
  3438 | D:5      | Entered Level 5 of the Dungeon
  3453 | D:5      | Reached skill level 5 in Fighting
  3453 | D:5      | Reached skill level 5 in Armour
  3453 | D:5      | Reached skill level 5 in Shields
  3456 | D:5      | Reached XP level 6. HP: 56/56 MP: 5/5
  3536 | D:5      | Found a stormy altar of Qazlal.
  3536 | D:5      | Found a basalt altar of Yredelemnul.
  3537 | D:5      | Found a sacrificial altar of Ru.
  3537 | D:5      | Found a broken altar of Ashenzari.
  3618 | D:5      | Found Wejein's Magic Scroll Emporium.
  3628 | D:5      | Bought a scroll of identify for 26 gold pieces
  3775 | D:4      | Reached XP level 7. HP: 39/62 MP: 6/6
  3779 | D:4      | Reached skill level 5 in Axes
  3811 | D:4      | Paralysed by a goblin for 2 turns
  3817 | D:4      | Paralysed by a goblin for 2 turns
  3949 | D:4      | Noticed Sigmund
  3966 | D:4      | HP: 3/62 [Sigmund/+4 scythe of venom (6)]
  3967 | D:4      | Succumbed to Sigmund's poison

Illustrated notes

Levels and vault maps discovered:
D:1:      saegor_arrival_fortress, layout_loops_ring
D:2:      wad_crossroads, layout_basic, minmay_misc_feat_enclosed
D:3:      cheibrodos_pilgrimage, layout_rooms, shapermc_ecumenical_altar_petra,
          kennysheep_potato
D:4:      layout_gridville, kennysheep_boxes, uniq_crazy_yiuf_cottage,
          uniq_sigmund
D:5:      layout_basic, palyth_temple_overflow_mages,
          grunt_temple_overflow_open, minmay_temple_entry_stoned_glass,
          serial_shops, nicolae_shop_hallway_plus,
          chequers_serial_rivers_small_3

Skill      XL: |  1  2  3  4  5  6  7 |
---------------+----------------------+-----
Fighting       | 4 5 |  5.8
Shields        | 4 5 |  5.8
Armour         | 4 5 |  5.8
Axes           | 3 4 5 |  5.0

Action                   |  1- 3 |  4- 6 |  7- 9 || total
-------------------------+-------+-------+-------++-------
Melee: War axe           |    89 |   106 |    20 ||   215
       Headbutt          |    12 |    15 |     3 ||    30
  Use: Potion            |       |     2 |     1 ||     3
       Scroll            |       |     3 |       ||     3
Armor: Scale mail        |    37 |    17 |       ||    54
       Chain mail        |       |    33 |     5 ||    38
Dodge: Dodged            |    46 |    26 |     6 ||    78
Block: Buckler           |    21 |    17 |     4 ||    42
